 Dungeon Crawl Stone Soup version 0.29.1-12-g30fa7ad0bf (webtiles) character file.

Game seed: 10015581667775117945

14 melloss the Sneak (level 2, -1/13 HPs)
             Began as a Spriggan Enchanter on Nov 18, 2022.
             Succumbed to an adder's poison
             ... on level 2 of the Dungeon on Dec 16, 2022.
             The game lasted 00:03:27 (671 turns).

melloss the Sneak (Spriggan Enchanter)               Turns: 671, Time: 00:03:28

Health: -1/13      AC:  9    Str:  4    XL:     2   Next: 31%
Magic:  4/6        EV: 18    Int: 16    God:
Gold:   25         SH:  0    Dex: 15    Spells: 4/6 levels left

rFire   . . .      SeeInvis +   d - +0 short sword (protect)
rCold   . . .      Faith    .   (no shield)
rNeg    . . .      Spirit   .   b - +0 robe
rPois   .          Reflect  .   (helmet restricted)
rElec   .          Harm     .   (no cloak)
rCorr   .          Rampage  .   (gloves unavailable)
Will    .....                   (boots unavailable)
Stlth   +++.......              (no amulet)
HPRegen 0.04/turn               (no ring)
MPRegen 0.10/turn               (no ring)

@: lethally poisoned (-1 -> -5), under a protective aura, very quick
A: very small, no large weapons, unfitting armour, see invisible, speed 3
a: no special abilities


You were on level 2 of the Dungeon.
You visited 1 branch of the dungeon, and saw 2 of its levels.

You collected 25 gold pieces.

Inventory:

Hand Weapons
 a - a +1 dagger
 d - a +0 short sword of protection (weapon)
Missiles
 f - 2 poisoned darts (quivered)
Armour
 b - a +0 robe (worn)
 g - a +0 buckler
Scrolls
 e - a scroll of magic mapping {unknown}
Potions
 c - 2 potions of invisibility


   Skills:
 - Level 1.1 Short Blades
 + Level 3.4 Dodging
 + Level 5.1 Stealth
 - Level 2.7 Spellcasting
 - Level 3.6 Hexes


You had 4 spell levels left.
You knew the following spells:

 Your Spells              Type           Power      Damage    Failure   Level
a - Ensorcelled Hibernat  Hex/Ice        16%        N/A       14%         2

Your spell library contained the following spells:

 Spells                   Type           Power      Damage    Failure   Level
 Confusing Touch          Hex            13%        N/A       13%         3
 Tukima's Dance           Hex            13%        N/A       13%         3
 Dazzling Flash           Conj/Hex       16%        N/A       26%         3


Dungeon Overview and Level Annotations

Branches:
Dungeon (1/15)

Altars:


Innate Abilities, Weirdness & Mutations

You are very small and have problems with some larger weapons.
You are too small for most types of armour.
You have supernaturally acute eyesight. (SInv)
You cover ground extremely quickly. (Speed+++)


Message History

You miss the adder. The adder completely misses you.
You hit the adder but do no damage.
Your weapon exudes an aura of protection.
The adder completely misses you. The adder bites you.
* * * LOW HITPOINT WARNING * * *
Things that are here:
a +0 dagger; a bat corpse You start resting.
Magic restored.
You start resting.
An adder is nearby!
The adder hisses angrily.
The adder misses you.
Casting: Ensorcelled Hibernation (safe; 14% risk of failure)
Confirm with . or Enter, or press ? or * to list all spells.
Aiming: Ensorcelled Hibernation (safe; 14% risk of failure)
Press: ? - help, Shift-Dir - straight line, f/p - adder
Aim: an adder (chance to affect: 50%)
The adder looks drowsy...
The helpless adder fails to defend itself.
You puncture the adder!
Your weapon exudes an aura of protection.
The adder is almost dead.
The adder misses you. The adder closely misses you.
You barely miss the adder.
The adder is almost dead.
The adder barely misses you.
You closely miss the adder.
The adder is almost dead.
The adder closely misses you.
You miss the adder.
The adder is almost dead.
The adder bites you. x2
* * * LOW HITPOINT WARNING * * *
You are lethally poisoned!
The adder poisons you!
You hit the adder.
Your weapon exudes an aura of protection.
You kill the adder!
You die...

######### #.......######
#.#####.##...###########
##.#.###...........
#######...##
##.######### ## ..
#.........# #.# ##. .#
#.#####...## #.# ...#.#
#.# ##@#.###.## #....
#.# #.......# ..#.# #.#
#.##..### ..#.# #÷#
#.##.(########### ....#
#.# #.##...÷.........
##..# ##.##
#.##...#########. ....#
##...## #.##...#
..#.###†....###.##...# #
..#.##........#.##...#
##.##


There were no monsters in sight!

Vanquished Creatures
  An adder (D:2)
  A worm (D:2)
  An endoplasm (D:2)
  2 hobgoblins (D:2)
  2 quokkas (D:2)
  A ball python (D:2)
  2 bats (D:2)
  2 kobolds (D:2)
12 creatures vanquished.

Notes
Turn   | Place    | Note
-------+----------+-------------------------------------------
     0 | D:1      | melloss the Spriggan Enchanter began the quest for the Orb.
     0 | D:1      | Reached XP level 1. HP: 9/9 MP: 5/5
     4 | D:1      | You fall into a shaft and drop 1 floor!
    69 | D:2      | Upgraded the game from 0.29.1-2-gbd0b4ee654 to
                  | 0.29.1-12-g30fa7ad0bf
   281 | D:2      | Reached XP level 2. HP: 10/13 MP: 6/6
   299 | D:2      | Learned a level 2 spell: Ensorcelled Hibernation
   317 | D:2      | Reached skill level 5 in Stealth
   671 | D:2      | Succumbed to an adder's poison

Illustrated notes

Levels and vault maps discovered:
D:1:      zaba_arrival_water, layout_loops_cross,
          hellmonk_ecumenical_altar_run_dry
D:2:      layout_loops_ring

Skill      XL: |  1  2 |
---------------+-------+-----
Dodging        | 3 |  3.4
Stealth        | 5 |  5.1
Short Blades   | |  1.1
Spellcasting   | |  2.7
Hexes          | |  3.6

Action                   || total
-------------------------++-------
Melee: Dagger            ||    16
       Short sword       ||    52
 Cast: Ensorcelled Hiber ||     7
 Stab: Sleeping          ||     6
Armor: Robe              ||    16
Dodge: Dodged            ||    52
